4v4 Back and Forth and Well Played by All

Match 26181505
End
Construct Section Command Post
Selects Indian Artillery Battlegroup
Infantry Section
Infantry Section
Royal Engineer Section
Selects War Cry
Construct Platoon Command Post
Selects Gurkha Rifles Section
Gurkha Rifles Section
CMP 15cwt Truck
6-pounder Anti-tank Gun Team
Grenade Package
Vickers Machine Gun Team
CMP 15cwt Truck
Selects Towed ML 4.2-inch Heavy Mortar
Royal Engineer Section
Construct Company Command Post
Foot Guards Section
Selects Volunteer Infantry
Foot Guards Section
Selects Off-map Airburst Barrage
Selects Perimeter Monitor
Off-map Airburst Barrage
Infantry Training
Unlock M3 Grant Medium Tanks
Off-map Airburst Barrage
M3 Grant Medium Tank
6-pounder Anti-tank Gun Team
Off-map Airburst Barrage
M3 Grant Medium Tank
Royal Engineer Section
M3 Grant Medium Tank
Off-map Airburst Barrage
Armored Vehicle Training
Off-map Airburst Barrage
Unlock Towed 17-pounder Anti-tank Guns
17-pounder Anti-tank Gun Team
Off-map Airburst Barrage
M3 Grant Medium Tank
Off-map Airburst Barrage
M3 Grant Medium Tank
17-pounder Anti-tank Gun Team
Vickers Machine Gun Team
AI Takeover
Vetkin
Achilles Gaming @ YouTube
Lucuze
디카페인도좋아
Depthz
Kwarzym
Cheeki Bяeeki
....
0
0

Comments sign in to comment!

No comments posted yet!